Construct Infanterie Kompanie
Selects Luftwaffe Battlegroup
Selects Luftwaffe Battlegroup
Selects Stuka Strafing Run
Construct Panzergrenadier Kompanie
Construct Luftwaffe Kompanie
Construct Panzergrenadier Kompanie
Selects Luftwaffe Pioneer Support
Luftwaffe Officer Quarters
Marder III M Tank Destroyer
Selects LG40 Recoilless Gun Paradrop
Selects Infantry Reserves
Construct Panzer Kompanie
Selects Fallschirmjäger Squad Paradrop